 Dungeon Crawl Stone Soup version 0.27.1 (webtiles) character file.

Game seed: 4195303972494108651

9548 Renzlar the Blocker (level 11, -1/89 HPs)
             Began as a Gnoll Fighter on Sept 1, 2021.
             Was a High Priest of Okawaru.
             Slain by an eight-headed hydra (9 damage)
             ... on level 1 of the Lair of Beasts on Sept 2, 2021.
             The game lasted 00:46:58 (11186 turns).

Renzlar the Blocker (Gnoll Fighter)                Turns: 11186, Time: 00:47:00

Health: -1/89      AC: 13    Str: 17    XL:     11   Next: 48%
Magic:  20/20      EV: 10    Int:  9    God:    Okawaru [*****.]
Gold:   675        SH: 12    Dex: 12    Spells: 19/22 levels left

rFire    + . .     SeeInvis .   b - +5 morningstar of Valiance {spect, Stlth+}
rCold    . . .     Faith    .   f - +1 kite shield
rNeg     . . .     Spirit   .   s - +2 scale mail {rF+}
rPois    +         Reflect  .   j - +0 helmet
rElec    .         Harm     .   (no cloak)
rCorr    .         Rampage  .   o - +0 pair of gloves
Will     .....                  (no boots)
Stlth    +++.......             (no amulet)
HPRegen  0.24/turn              (no ring)
MPRegen  0.17/turn              E - ring of poison resistance

@: no status effects
A: fangs 1, strong nose, distributed training
a: Renounce Religion, Heroism, Finesse


You were on level 1 of the Lair of Beasts.
You worshipped Okawaru.
Okawaru was extremely pleased with you.
You visited 2 branches of the dungeon, and saw 11 of its levels.

You collected 1189 gold pieces.
You spent 514 gold pieces at shops.

Inventory:

Hand Weapons
 a - a +2 war axe of freezing
 b - the +5 morningstar of Valiance (weapon) {spect, Stlth+}
   (You bought it in a shop on level 9 of the Dungeon)

   When its wielder attacks, the weapon's spirit leaps out and strikes again.
   The spirit shares a part of any damage it takes with its wielder.
   Stlth:     It makes you more stealthy.
 c - the +1 hunting sling of the Cup {venom, Str+4 Int+4 Dex+3}
   (You found it on level 9 of the Dungeon)

   Any ammunition fired from it poisons the flesh of those it strikes.
   Str:       It affects your strength (+4).
   Int:       It affects your intelligence (+4).
   Dex:       It affects your dexterity (+3).
 l - a +2 demon blade of venom
 x - the +5 morningstar "Loar" {pain, Int-4 SInv Stlth+}
   (You bought it in a shop on level 9 of the Dungeon)

   In the hands of one skilled in necromantic magic, it inflicts extra damage on
   living creatures.
   Int:       It affects your intelligence (-4).
   SInv:      It lets you see invisible.
   Stlth:     It makes you more stealthy.
Missiles
 e - 10 curare-tipped darts (quivered)
 h - 349 stones
 k - 29 poisoned darts
 v - 28 sling bullets
 B - 60 bolts
 H - a throwing net
Armour
 f - a +1 kite shield (worn)
 j - a +0 helmet (worn)
 o - a +0 pair of gloves (worn)
 s - a +2 scale mail of fire resistance (worn)
Jewellery
 C - the ring "Cyshon" {Fly rF+++ rC+++ Str-4 Int-3}
   (You acquired it on level 6 of the Dungeon)

   [ring of flight]

   Str:       It affects your strength (-4).
   Int:       It affects your intelligence (-3).
   rF:        It renders you almost immune to fire.
   rC:        It renders you almost immune to cold.
   Fly:       It grants you flight.
 E - a ring of poison resistance (right hand)
Wands
 p - a wand of acid (7)
 r - a wand of flame (25)
 y - a wand of mindburst (16)
 I - a wand of paralysis (13)
 K - a wand of charming (11)
 L - a wand of iceblast (5)
Scrolls
 m - 3 scrolls of enchant armour
 n - 3 scrolls of enchant weapon
 w - 3 scrolls of teleportation
 G - a scroll of magic mapping
 J - a scroll of identify
Potions
 d - a potion of might
 g - 2 potions of heal wounds
 i - 5 potions of haste
 q - 3 potions of berserk rage
 t - a potion of lignification
 u - 2 potions of flight
 z - a potion of invisibility
 A - a potion of resistance
 D - a potion of curing
 F - a potion of mutation


   Skills:
 + Level 9.2 Fighting
 + Level 6.3 Short Blades
 + Level 6.3 Long Blades
 + Level 7.9 Axes
 + Level 6.3 Maces & Flails
 + Level 6.3 Polearms
 + Level 6.3 Staves
 + Level 6.3 Slings
 + Level 6.3 Bows
 + Level 6.3 Crossbows
 + Level 6.3 Throwing
 + Level 9.2 Armour
 + Level 6.3 Dodging
 + Level 6.3 Stealth
 + Level 9.2 Shields
 + Level 6.3 Unarmed Combat
 + Level 6.3 Spellcasting
 + Level 5.2 Conjurations
 + Level 5.2 Hexes
 + Level 5.2 Summonings
 + Level 5.2 Necromancy
 + Level 5.2 Translocations
 + Level 5.2 Transmutations
 + Level 5.2 Fire Magic
 + Level 5.2 Ice Magic
 + Level 5.2 Air Magic
 + Level 5.2 Earth Magic
 + Level 5.2 Poison Magic
 + Level 6.9 Invocations
 + Level 6.3 Evocations


You had 19 spell levels left.
You knew the following spells:

 Your Spells              Type           Power      Damage    Failure   Level
a - Portal Projectile     Hex/Tloc       24%        N/A       41%         3

Your spell library contained the following spells:

 Spells                   Type           Power      Damage    Failure   Level
 Apportation              Tloc           24%        N/A       14%         1
 Magic Dart               Conj           48%        1d5       14%         1
 Call Imp                 Summ           12%        N/A       22%         2
 Poisonous Vapours        Pois/Air       24%        N/A       22%         2
 Conjure Flame            Conj/Fire      12%        6-21      41%         3
 Gell's Gravitas          Tloc           6%         N/A       41%         3
 Ignite Poison            Fire/Tmut/Pois 12%        N/A       41%         3
 Mephitic Cloud           Conj/Pois/Air  12%        N/A       41%         3
 Summon Guardian Golem    Hex/Summ       12%        N/A       41%         3
 Teleport Other           Tloc           12%        N/A       41%         3
 Sticky Flame             Conj/Fire      12%        2d4       82%         4
 Alistair's Intoxication  Tmut/Pois      8%         N/A       99%         5
 Summon Mana Viper        Hex/Summ       12%        N/A       99%         5
 Dispersal                Tloc           6%         N/A       100%        6
 Invisibility             Hex            6%         N/A       100%        6


Dungeon Overview and Level Annotations

Branches:
Dungeon (9/15)             Temple (0/1) D:7            Lair (2/6) D:9
  Swamp: Lair:2-4    Shoals: Lair:2-4     Snake: Lair:2-4    Spider: Lair:2-4
    Orc: D:9-12

Altars:
Hepliaklqana
Kikubaaqudgha
Makhleb
Okawaru
Qazlal
Ru
Xom
Yredelemnul

Shops:
D:4 (**   D:8 *   D:9 (


Innate Abilities, Weirdness & Mutations

You have very sharp teeth.
Your uncanny sense of smell can sniff out nearby items.
Your experience applies equally to all skills.


Message History

Your spectral weapon shares its damage with you!
Your +5 morningstar of Valiance {spect, Stlth+} fades away.
You block the eight-headed hydra's attack.
The eight-headed hydra closely misses you.
You block the eight-headed hydra's attack.
The eight-headed hydra bites you but does no damage.
The eight-headed hydra bites you. The eight-headed hydra bites you!
You barely miss the eight-headed hydra.
The eight-headed hydra is heavily wounded.
Your +5 morningstar of Valiance {spect, Stlth+} hits the eight-headed hydra!
The eight-headed hydra bites your +5 morningstar of Valiance {spect, Stlth+}!
Your spectral weapon shares its damage with you!
The eight-headed hydra bites your +5 morningstar of Valiance {spect, Stlth+}!
Your spectral weapon shares its damage with you!
The eight-headed hydra misses your +5 morningstar of Valiance {spect, Stlth+}.
The eight-headed hydra barely misses your +5 morningstar of Valiance {spect, Stlth+}.
The eight-headed hydra bites your +5 morningstar of Valiance {spect, Stlth+}!
Your spectral weapon shares its damage with you!
Your +5 morningstar of Valiance {spect, Stlth+} fades away.
The eight-headed hydra bites you.
You block the eight-headed hydra's attack.
The eight-headed hydra bites you but does no damage.
You barely miss the eight-headed hydra. You bite the eight-headed hydra.
The eight-headed hydra is severely wounded.
Your +5 morningstar of Valiance {spect, Stlth+} hits the eight-headed hydra!
The eight-headed hydra closely misses your +5 morningstar of Valiance {spect, Stlth+}.
The eight-headed hydra bites your +5 morningstar of Valiance {spect, Stlth+}!
Your spectral weapon shares its damage with you!
* * * LOW HITPOINT WARNING * * *
The eight-headed hydra misses your +5 morningstar of Valiance {spect, Stlth+}.
The eight-headed hydra bites your +5 morningstar of Valiance {spect, Stlth+}!!
Your spectral weapon shares its damage with you!
Your +5 morningstar of Valiance {spect, Stlth+} fades away.
* * * LOW HITPOINT WARNING * * *
The eight-headed hydra barely misses you. x2
You block the eight-headed hydra's attack.
The eight-headed hydra bites you!
* * * LOW HITPOINT WARNING * * *
The eight-headed hydra bites you!
You die...

...#......#.###
###...###
##.##..###### ##....P#
#####..# ##....###
#..## ##..#### #..#
##....# #..# ##...###
##..### #####..#.#
####...#.####.#P.##.##
#.....††.......D@..##
....#.............##
.....#..#........##
#######.####P#P### ###
#####


You could see an eight-headed hydra.

Vanquished Creatures
  A hydra (Lair:1)
  Pikel (D:6)
  A deep elf pyromancer (D:7)
  An oklob plant (Lair:1)
  A cane toad (Lair:1)
  A komodo dragon (Lair:1)
  A troll (D:9)
  A polar bear (Lair:1)
  A hornet (D:9)
  A blink frog (Lair:2)
  8 yaks
  2 steam dragons
  Grum (Lair:1)
  2 vampire mosquitoes (D:8)
  An acid dragon (D:9)
  8 water moccasins
  Duvessa (D:7)
  A hornet zombie (D:9)
  An orc warrior (D:7)
  4 black bears
  3 necrophages
  4 wolves (Lair:1)
  A centaur (D:8)
  A lemure (D:5)
  9 bullfrogs
  2 kobold brigands
  2 scorpions (D:6)
  A water moccasin zombie (D:3)
  Dowan (D:7)
  2 water moccasin skeletons
  3 wyvern skeletons
  4 wights (D:7)
  A howler monkey (D:9)
  A hound (D:6)
  2 orc priests
  2 jellies
  Ijyb (D:3)
  A bullfrog skeleton (D:6)
  A centaur skeleton (D:4)
  Jessica (D:2)
  Terence (D:3)
  6 iguanas
  7 orc wizards
  A killer bee zombie (D:8)
  A hound skeleton (D:5)
  Robin (D:2)
  10 adders
  An ufetubus (D:6)
  An adder skeleton (D:4)
  2 worms (D:4)
  A dart slug (D:5)
  21 orcs
  5 ball pythons
  10 endoplasms
  A giant cockroach (D:2)
  14 goblins
  11 hobgoblins
  7 jackals
  A quokka (D:2)
  2 frilled lizards
  15 kobolds
  7 rats
  A spectral orc (D:3)
209 creatures vanquished.

Vanquished Creatures (others)
  A human (D:5)
  31 fungi (D:9)
  40 plants
72 creatures vanquished.

Grand Total: 281 creatures vanquished

Notes
Turn   | Place    | Note
-------+----------+-------------------------------------------
     0 | D:1      | Renzlar the Gnoll Fighter began the quest for the Orb.
     0 | D:1      | Reached XP level 1. HP: 23/23 MP: 1/1
   271 | D:1      | Reached XP level 2. HP: 23/29 MP: 2/2
   853 | D:2      | Noticed Robin
   863 | D:2      | Reached XP level 3. HP: 33/35 MP: 3/3
   874 | D:2      | Killed Robin
   875 | D:2      | Reached skill level 1 in Invocations
   995 | D:2      | Noticed Jessica
  1001 | D:2      | Killed Jessica
  1002 | D:2      | Reached skill level 1 in Short Blades
  1002 | D:2      | Reached skill level 1 in Long Blades
  1002 | D:2      | Reached skill level 1 in Maces & Flails
  1002 | D:2      | Reached skill level 1 in Polearms
  1002 | D:2      | Reached skill level 1 in Staves
  1002 | D:2      | Reached skill level 1 in Slings
  1002 | D:2      | Reached skill level 1 in Bows
  1002 | D:2      | Reached skill level 1 in Crossbows
  1002 | D:2      | Reached skill level 1 in Throwing
  1002 | D:2      | Reached skill level 1 in Dodging
  1002 | D:2      | Reached skill level 1 in Stealth
  1002 | D:2      | Reached skill level 1 in Unarmed Combat
  1002 | D:2      | Reached skill level 1 in Spellcasting
  1002 | D:2      | Reached skill level 1 in Evocations
  1002 | D:2      | Reached XP level 4. HP: 32/41 MP: 5/5
  1104 | D:2      | Reached skill level 1 in Conjurations
  1104 | D:2      | Reached skill level 1 in Hexes
  1104 | D:2      | Reached skill level 1 in Summonings
  1104 | D:2      | Reached skill level 1 in Necromancy
  1104 | D:2      | Reached skill level 1 in Translocations
  1104 | D:2      | Reached skill level 1 in Transmutations
  1104 | D:2      | Reached skill level 1 in Fire Magic
  1104 | D:2      | Reached skill level 1 in Ice Magic
  1104 | D:2      | Reached skill level 1 in Air Magic
  1104 | D:2      | Reached skill level 1 in Earth Magic
  1104 | D:2      | Reached skill level 1 in Poison Magic
  1693 | D:3      | Reached XP level 5. HP: 45/47 MP: 5/7
  1986 | D:3      | You fall into a shaft and drop 3 floors!
  1986 | D:6      | Noticed Pikel
  1986 | D:6      | Noticed a lemure
  1986 | D:6      | Noticed a lemure
  1986 | D:6      | Noticed a lemure
  1986 | D:6      | Noticed a lemure
  1995 | D:5      | Entered Level 5 of the Dungeon
  2003 | D:5      | Reached XP level 6. HP: 40/53 MP: 8/8
  2402 | D:5      | Reached skill level 5 in Axes
  2716 | D:5      | Reached XP level 7. HP: 58/59 MP: 10/10
  2754 | D:5      | Found a sacrificial altar of Ru.
  3009 | D:5      | Found an ancient bone altar of Kikubaaqudgha.
  3009 | D:5      | Noticed a human
  3012 | D:5      | Killed a human
  3181 | D:4      | Found Qomuwk's Assorted Antiques.
  3694 | D:4      | Found Jacen's Antique Weapon Boutique.
  3704 | D:4      | Bought a glowing morningstar for 154 gold pieces
  3715 | D:4      | Found Diofet's General Store.
  3893 | D:3      | Noticed Ijyb
  3898 | D:3      | Killed Ijyb
  3898 | D:3      | Noticed Terence
  3907 | D:3      | Killed Terence
  4509 | D:3      | Found a hazy altar of Hepliaklqana.
  4585 | D:6      | Reached XP level 8. HP: 67/67 MP: 12/12
  4734 | D:6      | Found a basalt altar of Yredelemnul.
  4827 | D:6      | Found an iron altar of Okawaru.
  4832 | D:6      | Became a worshipper of Warmaster Okawaru
  4924 | D:6      | Killed Pikel
  5304 | D:6      | Identified 3 scrolls of acquirement
  5304 | D:6      | Acquired the ring "Cyshon" {Fly rF+++ rC+++ Str-4 Int-3}
  5306 | D:6      | Acquired the Disquisition on Cankerous Hexes
  5308 | D:6      | Acquired 724 gold pieces
  5497 | D:7      | Found a shimmering altar of Xom.
  5509 | D:7      | Reached * piety under Okawaru
  5510 | D:7      | Reached XP level 9. HP: 71/72 MP: 14/14
  6196 | D:7      | Found a staircase to the Ecumenical Temple.
  6392 | D:7      | Noticed a deep elf pyromancer
  6412 | D:7      | Killed a deep elf pyromancer
  6412 | D:7      | Reached ** piety under Okawaru
  7025 | D:7      | Noticed Duvessa
  7025 | D:7      | Noticed Dowan
  7036 | D:7      | Killed Duvessa
  7041 | D:7      | Killed Dowan
  7042 | D:7      | Reached skill level 5 in Invocations
  8146 | D:8      | Reached XP level 10. HP: 79/80 MP: 17/17
  8163 | D:8      | Identified the +7 great sword "Umodgh" {venom, *Noise rF+
                  | rN+++ Int+3}
  8405 | D:8      | Found Aplausk's Serpentskin Sales.
  8417 | D:8      | Reached *** piety under Okawaru
  8524 | D:9      | Reached skill level 5 in Short Blades
  8524 | D:9      | Reached skill level 5 in Long Blades
  8524 | D:9      | Reached skill level 5 in Maces & Flails
  8524 | D:9      | Reached skill level 5 in Polearms
  8524 | D:9      | Reached skill level 5 in Staves
  8524 | D:9      | Reached skill level 5 in Slings
  8524 | D:9      | Reached skill level 5 in Bows
  8524 | D:9      | Reached skill level 5 in Crossbows
  8524 | D:9      | Reached skill level 5 in Throwing
  8524 | D:9      | Reached skill level 5 in Dodging
  8524 | D:9      | Reached skill level 5 in Stealth
  8524 | D:9      | Reached skill level 5 in Unarmed Combat
  8524 | D:9      | Reached skill level 5 in Spellcasting
  8524 | D:9      | Reached skill level 5 in Evocations
  9000 | D:9      | Found a staircase to the Lair.
  9082 | D:9      | Identified the +1 hunting sling of the Cup {venom, Str+4
                  | Int+4 Dex+3}
  9097 | D:9      | Reached **** piety under Okawaru
  9183 | D:9      | Found Osoc's Antique Weapon Emporium.
  9193 | D:9      | Bought an ebony morningstar for 180 gold pieces
  9193 | D:9      | Identified the +5 morningstar "Loar" {pain, Int-4 SInv
                  | Stlth+} (You bought it in a shop on level 9 of the Dungeon)
  9194 | D:9      | Bought a faintly glowing morningstar for 180 gold pieces
  9194 | D:9      | Identified the +5 morningstar of Valiance {spect, Stlth+}
                  | (You bought it in a shop on level 9 of the Dungeon)
  9344 | D:9      | Found a burning altar of Makhleb.
  9844 | Lair:1   | Entered Level 1 of the Lair of Beasts
  9921 | Lair:1   | Received a gift from Okawaru
 10027 | Lair:1   | Learned a level 3 spell: Portal Projectile
 10027 | Lair:1   | Noticed a cane toad
 10036 | Lair:1   | Killed a cane toad
 10037 | Lair:1   | Reached XP level 11. HP: 75/87 MP: 19/19
 10043 | Lair:1   | Reached ***** piety under Okawaru
 10131 | Lair:1   | Noticed an eight-headed hydra
 10138 | Lair:1   | Killed an eight-headed hydra
 10139 | Lair:1   | Reached skill level 5 in Conjurations
 10139 | Lair:1   | Reached skill level 5 in Hexes
 10139 | Lair:1   | Reached skill level 5 in Summonings
 10139 | Lair:1   | Reached skill level 5 in Necromancy
 10139 | Lair:1   | Reached skill level 5 in Translocations
 10139 | Lair:1   | Reached skill level 5 in Transmutations
 10139 | Lair:1   | Reached skill level 5 in Fire Magic
 10139 | Lair:1   | Reached skill level 5 in Ice Magic
 10139 | Lair:1   | Reached skill level 5 in Air Magic
 10139 | Lair:1   | Reached skill level 5 in Earth Magic
 10139 | Lair:1   | Reached skill level 5 in Poison Magic
 10348 | Lair:1   | Found an iron altar of Okawaru.
 10350 | Lair:1   | Noticed an oklob plant
 10365 | Lair:1   | Killed an oklob plant
 10612 | Lair:1   | Found a stormy altar of Qazlal.
 10649 | Lair:1   | Noticed Grum
 10675 | Lair:1   | Killed Grum
 10904 | Lair:1   | Received a gift from Okawaru
 10939 | Lair:1   | You fall into a shaft and drop 1 floor!
 11166 | Lair:2   | Noticed an eight-headed hydra
 11186 | Lair:1   | Slain by an eight-headed hydra

Illustrated notes

Levels and vault maps discovered:
D:1:      dpeg_arrival_ternary, layout_basic, minmay_misc_feat_pillars
D:2:      layout_rooms, serial_bayou, serial_bayou_lagoon_a,
          serial_bayou_lake_a, serial_bayou_shore_a, serial_bayou_ford_a,
          serial_bayou_pond_a, serial_bayou_lagoon_b,
          amcnicky_mini_corridor_feature, uniq_robin, uniq_jessica
D:3:      layout_loops_ring, nicolae_hepliaklqana_monster_ancestors,
          minmay_between, uniq_ijyb, uniq_terence
D:4:      layout_rooms, serial_shops, nicolae_stop_n_shop_2, shop,
          nicolae_shop_trees
D:5:      layout_loops_ring, tgw_kikubaaqudgha, kennysheep_mini_moat,
          nrook_loot_triangle
D:6:      layout_cave_pods, nicolae_overflow_crystal_walls,
          mainiacjoe_overflow_cross_hatched, uniq_pikel
D:7:      layout_layer_cave, general_overflow_altar, minmay_temple_entry_grid,
          guppyfry_early_elven_hall, uniq_duvessa
D:8:      layout_basic, guppyfry_shop_venom
D:9:      layout_roguey, lemuel_crystal_altar, due_lair_maze_entry_diamond,
          serial_shops, shop
Lair:1:   wander_river, layout_concentric_octagons, basic_altar,
          lemuel_oklob_altar, lemuel_fruit_tree, lemuel_fruit_fields, uniq_grum
Lair:2:   layout_small_grid, minmay_shoals_entry_hut

Skill      XL: |  1  2  3  4  5  6  7  8  9 10 11 |
---------------+----------------------------------+-----
Invocations    | 1 2 3 4 5 6 |  6.9
Short Blades   | 1 2 3 4 5 6 |  6.3
Long Blades    | 1 2 3 4 5 6 |  6.3
Maces & Flails | 1 2 3 4 5 6 |  6.3
Polearms       | 1 2 3 4 5 6 |  6.3
Staves         | 1 2 3 4 5 6 |  6.3
Slings         | 1 2 3 4 5 6 |  6.3
Bows           | 1 2 3 4 5 6 |  6.3
Crossbows      | 1 2 3 4 5 6 |  6.3
Throwing       | 1 2 3 4 5 6 |  6.3
Dodging        | 1 2 3 4 5 6 |  6.3
Stealth        | 1 2 3 4 5 6 |  6.3
Unarmed Combat | 1 2 3 4 5 6 |  6.3
Spellcasting   | 1 2 3 4 5 6 |  6.3
Evocations     | 1 2 3 4 5 6 |  6.3
Conjurations   | 1 2 3 4 5 |  5.2
Hexes          | 1 2 3 4 5 |  5.2
Summonings     | 1 2 3 4 5 |  5.2
Necromancy     | 1 2 3 4 5 |  5.2
Translocations | 1 2 3 4 5 |  5.2
Transmutations | 1 2 3 4 5 |  5.2
Fire Magic     | 1 2 3 4 5 |  5.2
Ice Magic      | 1 2 3 4 5 |  5.2
Air Magic      | 1 2 3 4 5 |  5.2
Earth Magic    | 1 2 3 4 5 |  5.2
Poison Magic   | 1 2 3 4 5 |  5.2
Axes           | 5 6 7 |  7.9
Fighting       | 7 8 9 |  9.2
Armour         | 7 8 9 |  9.2
Shields        | 7 8 9 |  9.2

Action                   |  1- 3 |  4- 6 |  7- 9 | 10-12 || total
-------------------------+-------+-------+-------+-------++-------
Melee: War axe           |    96 |   108 |   217 |   104 ||   525
       Bite              |     8 |     6 |    31 |    23 ||    68
       Morningstar       |       |       |    64 |    73 ||   137
 Fire: Hunting sling     |       |    28 |   148 |   139 ||   315
Throw: Dart              |       |       |     4 |       ||     4
Invok: Heroism           |       |       |     2 |     1 ||     3
Evoke: Wand              |       |     2 |     5 |     8 ||    15
  Use: Scroll            |     2 |     3 |    16 |     3 ||    24
Armor: Scale mail        |    30 |    33 |   129 |    72 ||   264
Dodge: Dodged            |    20 |    31 |   116 |    79 ||   246
Block: Kite shield       |    52 |    68 |   196 |   109 ||   425
